 Dungeon Crawl Stone Soup version 0.28-a0-476-g0f06bd746f (webtiles) character file.

Game seed: 6509556666042592334

149 Spaninq the Chopper (level 5, -14/47 HPs)
             Began as a Hill Orc Cinder Acolyte on Sept 16, 2021.
             Was a High Priest of Ignis.
             Demolished by an ogre (23 damage)
             ... on level 4 of the Dungeon.
             The game lasted 00:07:37 (4052 turns).

Spaninq the Chopper (Hill Orc Cinder Acolyte)       Turns: 4052, Time: 00:07:37

Health: -14/47     AC: 13    Str: 17    XL:     5   Next: 31%
Magic:  7/7        EV:  4    Int: 14    God:    Ignis [*****.]
Gold:   126        SH:  0    Dex:  7    Spells: 5/7 levels left

rFire   + . .      SeeInvis .   n - +0 war axe
rCold   . . .      Faith    .   (no shield)
rNeg    . . .      Spirit   .   m - +0 plate armour "Ydyop" {Contam Rampage Will+}
rPois   .          Reflect  .   o - +0 helmet
rElec   .          Harm     .   (no cloak)
rCorr   .          Rampage  +   l - +1 pair of gloves
Will    +....                   (no boots)
Stlth   ..........              (no amulet)
HPRegen 0.15/turn               (no ring)
MPRegen 0.10/turn               (no ring)

@: no status effects
A: no striking features
a: Renounce Religion, Sea of Fire, Foxfire Swarm, Rising Flame


You were on level 4 of the Dungeon.
You worshipped Ignis.
Ignis was extremely pleased with you.
You visited 1 branch of the dungeon, and saw 4 of its levels.

You collected 126 gold pieces.

Inventory:

Hand Weapons
 a - a -1 hand axe of flaming
 n - a +0 war axe (weapon)
Armour
 b - a +0 robe
 l - a +1 pair of gloves (worn)
 m - the +0 plate armour "Ydyop" (worn) {Contam Rampage Will+}
   (You found it on level 2 of the Dungeon)

   Contam:    It causes magical contamination when unequipped.
   Rampage:   It bestows one free step when moving towards enemies.
   Will:      It increases your willpower.
 o - a +0 helmet (worn)
Scrolls
 c - a scroll of teleportation {unknown}
 e - a scroll of noise {unknown}
 g - a scroll of acquirement {unknown}
 j - a scroll of brand weapon {unknown}
 k - 2 scrolls of identify {unknown}
 q - a scroll of fog {unknown}
Potions
 d - a potion of cancellation {unknown}
 f - a potion of invisibility
 h - a potion of brilliance {unknown}
 i - a potion of flight {unknown}
 p - a potion of resistance {unknown}


   Skills:
 + Level 4.7 Fighting
 * Level 6.2 Axes
 + Level 0.3 Armour
 - Level 1.8 Spellcasting
 - Level 3.2 Fire Magic


You had 5 spell levels left.
You knew the following spells:

 Your Spells              Type           Power      Damage    Failure   Level
a - Scorch                Fire           20%        2d6       99%         2

Your spell library contained the following spells:

 Spells                   Type           Power      Damage    Failure   Level
 Gell's Gravitas          Tloc           0%         N/A       100%        3
 Lesser Beckoning         Tloc           1%         N/A       100%        3
 Teleport Other           Tloc           1%         N/A       100%        3


Dungeon Overview and Level Annotations

Branches:
Dungeon (4/15)
 Temple: D:4-7

Altars:
Ashenzari
Elyvilon
Gozag
Qazlal


Message History

p - a viscous black potion
Found a stone staircase leading down.
You now have 126 gold pieces (gained 6).
Found a ring mail.
Found a stone staircase leading down.
You see here a +0 ring mail.
q - a scroll labelled ZUQ TI HEE An endoplasm comes into view.
The endoplasm quivers.
An endoplasm is nearby!
You rampage towards the endoplasm!
You rampage towards the endoplasm!
The endoplasm hits you.
You slash the endoplasm!
You kill the endoplasm!
Done exploring.
Done exploring.
There is a stone staircase leading down here.
You climb downwards.
Found a gnarled jewelled staff.
Found a stone staircase leading down and a stone staircase leading up.
There is a stone staircase leading up here.
An ogre comes into view. It is wielding a +0 giant club.
Your plate armour "Ydyop" prevents you from hitting the ogre.
The ogre hits you but does no damage.
You slash the ogre!
The ogre is heavily wounded.
The ogre hits you with a +0 giant club!!
You hit the ogre.
The ogre is heavily wounded.
The ogre barely misses you.
You completely miss the ogre.
The ogre is heavily wounded.
You closely miss the ogre.
The ogre is heavily wounded.
The ogre hits you with a +0 giant club!!
* * * LOW HITPOINT WARNING * * *
You hit the ogre.
The ogre is severely wounded.
The ogre hits you with a +0 giant club!!
You die...

#. .# ..##.#
#.. ..#.###..
#.#.#...# #
#.#.#.#.#
##.###...#...#
#....<.O....#
#.....|@....#
#........>..#
##..........#
#........<.#
#..........#
#..........#
############


You could see an ogre.

Vanquished Creatures
  6 adders
  A worm (D:3)
  A dart slug (D:3)
  6 orcs (D:3)
  10 endoplasms
  3 giant cockroaches
  4 goblins
  5 hobgoblins
  4 jackals (D:1)
  3 quokkas
  9 ball pythons
  8 bats
  2 frilled lizards
  6 kobolds
  10 rats
78 creatures vanquished.

Vanquished Creatures (others)
  An adder (D:2)
1 creature vanquished.

Grand Total: 79 creatures vanquished

Notes
Turn   | Place    | Note
-------+----------+-------------------------------------------
     0 | D:1      | Spaninq the Hill Orc Cinder Acolyte began the quest for the
                  | Orb.
     0 | D:1      | Reached XP level 1. HP: 19/19 MP: 2/2
    57 | D:1      | Reached XP level 2. HP: 22/27 MP: 3/3
    60 | D:1      | Learned a level 2 spell: Scorch
   721 | D:1      | Reached XP level 3. HP: 21/33 MP: 0/4
  1106 | D:1      | Reached skill level 5 in Axes
  1683 | D:2      | Reached XP level 4. HP: 40/40 MP: 1/6
  1874 | D:2      | Found a faded altar of an unknown god.
  1899 | D:2      | Identified the +0 plate armour "Ydyop" {Contam Rampage
                  | Will+}
  2713 | D:3      | Noticed an orc warrior
  3032 | D:3      | Found a broken altar of Ashenzari.
  3037 | D:3      | Reached skill level 6 in Axes
  3037 | D:3      | Reached XP level 5. HP: 45/47 MP: 0/7
  3327 | D:3      | Found an opulent altar of Gozag.
  3330 | D:3      | Found a stormy altar of Qazlal.
  3491 | D:3      | Found a white marble altar of Elyvilon.
  4043 | D:4      | Noticed an ogre
  4052 | D:4      | Demolished by an ogre

Illustrated notes

Levels and vault maps discovered:
D:1:      minmay_arrival_four_circles, layout_basic,
          minmay_misc_feat_more_columns
D:2:      layout_basic, hellmonk_ecumenical_altar_lost_god
D:3:      layout_basic, evilmike_ruin_ashenzari, general_overflow_altar,
          minitemple, st_stairs_11
D:4:      layout_rooms, kennysheep_okawaru_gauntlet, uniq_blork_the_orc

Skill      XL: |  1  2  3  4 |
---------------+-------------+-----
Fighting       | 4 |  4.7
Axes           | 5 6 |  6.2
Armour         | |  0.3
Spellcasting   | |  1.8
Fire Magic     | |  3.2

Action                   |  1- 3 |  4- 6 || total
-------------------------+-------+-------++-------
Melee: Quarterstaff      |    76 |    14 ||    90
       Hand axe          |     5 |       ||     5
       War axe           |       |    33 ||    33
 Cast: Scorch            |    20 |    27 ||    47
  Use: Potion            |     2 |       ||     2
Armor: Robe              |    19 |    11 ||    30
       Plate armour      |       |    30 ||    30
Dodge: Dodged            |    56 |    18 ||    74

Table legend: (Time is in decaauts)
 A = Elapsed time spent in this place.
 B = Non-inter-level travel time spent in this place.
 C = Inter-level travel time spent in this place.
 D = Time resting spent in this place.
 E = Time spent auto-exploring this place.
 F = Levels seen in this place.
 G = Mean time per level.
                   A        B        C        D        E       F      G
               +--------+--------+--------+--------+--------+-----+--------+
         Total |   4085 |   3958 |    127 |    666 |   2662 |   4 | 1021.2 |
       Dungeon |   4085 |   3958 |    127 |    666 |   2662 |   4 | 1021.2 |
               +--------+--------+--------+--------+--------+-----+--------+

Top non-repeatable levels by time:
     D:3: 1437 daAuts
     D:2: 1357 daAuts
     D:1: 1279 daAuts
     D:4: 10 daAuts
